omghax, neutral male scurrid Tourist ---------- | .........| |....{ -------- -------------....{... -............... ------- ------------.............(.....- -................Z........ ---------....!.f.............u........- -.........../..........................".......?..................- -....e.........................................s..........u.....- -.........................+...........................u...f...- -.............................................M.......a@....- -..................k.<..........C.....................a.....- -W...................h................u..)....q..>....f.......- -.W........................................l..u.%.F?............- -...W.....M.........................x `..........................- -...W.h.................... ---------............n...f./.*.......[ -....W.W......... -------- ------------nn...........)..... |....{ --------- -------------....{..d | .........| ---------- omghax the Rambler Experience level: 1 Strength: 10 Dexterity: 12 Constitution: 14 Intelligence: 15 Wisdom: 9 Charisma: 15 Health: 0(9) Energy: 2(2) Def: 0 Gold: 873 Moves: 55 Dungeon seed: gTwBEilJsq9_wZ0k Game ID: omghax_1498611652 Your Inventory: Coins $ - 873 gold pieces Weapons a - 52 uncursed +2 darts (in quiver) Armor e - an uncursed +0 Hawaiian shirt (being worn) Comestibles b - an uncursed tin of lichen c - 2 uncursed food rations d - 4 uncursed tripe rations f - an uncursed fortune cookie g - an uncursed carrot h - 2 uncursed apples i - an uncursed tin of goblin meat Scrolls k - 4 uncursed scrolls of magic mapping Potions j - 2 uncursed potions of extra healing Wands n - a blessed wand of secret door detection (0:15) Tools l - an uncursed expensive camera (0:74) m - an uncursed credit card o - an uncursed oil lamp (0:1447) Spells and supernatural/magical abilities: Name Level Category Fail Memory W - pray for help -- divine ? -- Your skills at the end: Miscellaneous Skills wands [Basic] Weapon Skills dart [Basic] Spellcasting Skills Final Attributes: You were devoutly aligned. You had infravision. You were very stealthy. You are dead. Vanquished creatures: a gecko a grid bug 2 creatures vanquished. Voluntary challenges: You went without food. You did not adorn yourself with jewelry or accessories. You did not cause conflict. You were not invisible. You did not have reflection. You were not displaced. You were an atheist. You never hit with a wielded weapon. You were a pacifist. You did not use tools. You did not use plumbed fixtures. You did not drink any magical draughts. You were illiterate. You never genocided any monsters. You never polymorphed an object. You never changed form. You used no wishes. You never split a pudding. You never wrote Elbereth's name. You never violated your personal moral code. Dungeon overview: The Dungeons of Doom: levels 1 to 14 Level 1 a long staircase Level 2 Level 3 Level 4 Level 5 Level 6 Level 7 Level 8 Level 9 Level 10 Level 11 Level 12 a temple to Offler Level 13 Level 14 <- You were here many fountains History has recorded: On T:1 you entered the Dungeons of Doom to retrieve the Amulet of Yendor! On T:26 you reached level 2 of The Dungeons of Doom. On T:28 you reached level 3 of The Dungeons of Doom. On T:31 you reached level 4 of The Dungeons of Doom. On T:33 you reached level 5 of The Dungeons of Doom. On T:35 you reached level 6 of The Dungeons of Doom. On T:37 you reached level 7 of The Dungeons of Doom. On T:40 you reached level 8 of The Dungeons of Doom. On T:42 you reached level 9 of The Dungeons of Doom. On T:44 you reached level 10 of The Dungeons of Doom. On T:48 you reached level 11 of The Dungeons of Doom. On T:50 you reached level 12 of The Dungeons of Doom. On T:52 you reached level 13 of The Dungeons of Doom. On T:55 you reached level 14 of The Dungeons of Doom. Score breakdown: Gold: 0 ( 0 points) Experience: 1 level ( 0 points) Exploration: 14 levels ( 390 points) Discoveries: 0 items ( 0 points) Variety of kills: 2 monsters ( 100 points) Major goal: (nothing yet) ( 0 points) Survival: died (score multiplied by 3) Total score: 1470 Latest messages: You dig a pit in the floor. You continue digging downward. You dig a hole through the floor. You fall through... The priest of Offler intones: "Pilgrim, you enter a sacred place!" You have a strange forbidding feeling... You start digging downward. You continue digging downward. You dig a pit in the floor. You continue digging downward. You dig a hole through the floor. You fall through... You start digging downward. You continue digging downward. You dig a pit in the floor. You continue digging downward. You dig a hole through the floor. You fall through... The soldier ant bites! The soldier ant stings! You die... Final status: Aloha omghax the Tourist, killed by a soldier ant... You died in The Dungeons of Doom on dungeon level 14 with 1470 points, and 873 pieces of gold, after 55 moves. You were level 1 with a maximum of 9 hit points when you died.